[Event "Titled Tuesday Blitz July 4 Early 2023"]
[White "Philippe, Guillaume"]
[Black "Terletsky, Oleg"]
[WhiteFideId "36048763"]
[BlackFideId "14116774"]
[WhiteElo "2394"]
[BlackElo "2579"]
[Result "1-0"]
[Round "3"]
[TimeControl "180+2"]
[Date "2023.07.04"]
[WhiteClock "0:00:42"]
[BlackClock "0:00:09"]
[Board "131"]

1. e4 e5 2. Nf3 Nc6 3. Bb5 a6 4. Ba4 Nf6 5. Nc3 b5 6. Bb3 Bc5 7. a4 b4 8. Nd5 d6 9. d3 h6 10. h3 Na5 11. Ba2 c6 12. Ne3 Be6 13. Bxe6 fxe6 14. Bd2 O-O 15. O-O Ra7 16. Nh2 Raf7 17. Qe2 Nh7 18. Rab1 Nb7 19. c3 a5 20. Rbd1 Qh4 21. Qg4 Qxg4 22. Nhxg4 Nf6 23. Nxf6+ Rxf6 24. Bc1 h5 25. d4 exd4 26. cxd4 Bb6 27. Nc4 Bc7 28. Bg5 Rg6 29. f4 d5 30. exd5 exd5 31. Ne5 Nd6 32. Nxg6 1-0


[Site "https://www.chess.com"]

[Event "Titled Tuesday Blitz July 4 Early 2023"]
[White "Becerra, Juan David"]
[Black "FuenfgegenWilly"]
[WhiteFideId "4404998"]
[WhiteElo "2579"]
[BlackElo "2389"]
[Result "1-0"]
[Round "3"]
[TimeControl "180+2"]
[Date "2023.07.04"]
[WhiteClock "0:00:37"]
[BlackClock "0:00:10"]
[Board "132"]

1. e4 e5 2. Nf3 Nc6 3. Bb5 a6 4. Ba4 d6 5. c3 Bd7 6. O-O Nge7 7. Qe2 Ng6 8. d3 Be7 9. Rd1 h6 10. Nbd2 Nf4 11. Qf1 Bg5 12. Bc2 Qf6 13. h3 Qg6 14. Kh2 Qh5 15. Ng1 Bf6 16. Nc4 g5 17. Bxf4 gxf4 18. Qe2 Qg6 19. Nf3 Rg8 20. Rg1 Qh5 21. Kh1 Ke7 22. Rae1 Bg4 23. Bd1 Rg6 24. Qd2 Rag8 25. Nh2 Bxd1 26. Qxd1 Qxd1 27. Rxd1 Bh4 28. Rd2 b5 29. Na3 b4 30. Nc2 a5 31. Nf3 Bf6 32. d4 Rb8 33. d5 Na7 34. cxb4 axb4 35. a4 bxa3 36. bxa3 Rb3 37. Ra1 Rg8 38. Nb4 Kd7 39. Rc2 Rb8 40. Nd2 R3xb4 41. axb4 Nb5 42. Nb3 Bd8 43. Ra6 Rb7 44. Kg1 Rb8 45. Kf1 Rb7 46. Ke2 Rb8 47. Kd3 Be7 48. Rca2 Bf6 49. Ra8 Rb7 50. Na5 Rb6 51. Nc6 Nd4 52. Nxd4 exd4 53. Rb2 Be5 54. b5 Rb7 55. Ra6 f6 56. b6 cxb6 57. Raxb6 Rc7 58. Rb7 Kc8 59. Rxc7+ Kxc7 60. Rb4 Kd7 61. Rb7+ Ke8 62. Rh7 Kf8 63. Rxh6 Kg7 64. Rh5 Kg6 65. Rh8 f5 66. exf5+ Kxf5 67. Re8 Kg5 68. Rg8+ Kh4 69. Ke4 Kh5 70. Rg4 Kh6 71. Rxf4 Kg5 72. Rf5+ Kg6 73. g4 Kg7 74. h4 Kg6 75. h5+ Kh6 76. f4 Bg7 77. Rf7 Bh8 78. g5+ Kxh5 79. Rh7+ 1-0


[Site "https://www.chess.com"]

[Event "Titled Tuesday Blitz July 4 Early 2023"]
[White "Wartiovaara, Oliver"]
[Black "Pasti, Aron"]
[WhiteFideId "513024"]
[BlackFideId "785857"]
[WhiteElo "2386"]
[BlackElo "2577"]
[Result "0-1"]
[Round "3"]
[TimeControl "180+2"]
[Date "2023.07.04"]
[WhiteClock "0:00:15"]
[BlackClock "0:00:43"]
[Board "133"]

1. c4 e5 2. Nf3 Nc6 3. Nc3 Nf6 4. e3 Bb4 5. Nd5 e4 6. Nxb4 Nxb4 7. Nd4 O-O 8. a3 Nc6 9. Nxc6 bxc6 10. d4 d5 11. Be2 Ba6 12. Qa4 Bxc4 13. Bxc4 dxc4 14. Qxc4 Qd5 15. Qxd5 cxd5 16. b4 Ne8 17. Kd2 Nd6 18. Kc3 Nc4 19. f3 f5 20. Rf1 g6 21. a4 Rfe8 22. f4 Reb8 23. Re1 c6 24. Rb1 Kf7 25. Rb3 Ke6 26. Bd2 a5 27. Reb1 axb4+ 28. Rxb4 Rxb4 29. Rxb4 Ra7 30. Bc1 Kd6 31. Kb3 c5 32. dxc5+ Kxc5 33. Ba3 Kc6 34. Rb8 Nxe3 35. Rc8+ Kd7 36. Rc3 Nxg2 37. Bc5 Ra8 38. Kb4 Nxf4 39. Kb5 Ne6 40. Bb6 d4 41. Rc1 e3 42. a5 Kd6 43. a6 f4 44. a7 f3 45. Ka6 f2 46. Kb7 Rxa7+ 47. Bxa7 e2 0-1


[Site "https://www.chess.com"]

[Event "Titled Tuesday Blitz July 4 Early 2023"]
[White "Nefedov, Sergey"]
[Black "San Thit Lwin"]
[WhiteFideId "24113417"]
[BlackFideId "13001272"]
[WhiteElo "2577"]
[BlackElo "2380"]
[Result "1-0"]
[Round "3"]
[TimeControl "180+2"]
[Date "2023.07.04"]
[WhiteClock "0:00:20"]
[BlackClock "0:00:21"]
[Board "134"]

1. d4 Nf6 2. Nf3 c5 3. c3 e6 4. Bf4 d5 5. e3 Bd6 6. Ne5 O-O 7. Nd2 Nc6 8. Ndf3 Bd7 9. Nxf7 Rxf7 10. Bxd6 cxd4 11. exd4 Qb6 12. Qb3 Nxd4 13. Qxb6 Nxf3+ 14. gxf3 axb6 15. Kd2 Ne8 16. Be5 Rxf3 17. Bd4 e5 18. Bg2 exd4 19. Bxf3 dxc3+ 20. Kxc3 Bc6 21. Kd2 Nd6 22. b3 d4 23. Bxc6 bxc6 24. Rhe1 Kf7 25. a4 c5 26. Re5 c4 27. Rd5 Ne4+ 28. Ke1 cxb3 29. Rxd4 Nc3 30. Rb4 b5 31. Rxb3 Nxa4 32. Rxb5 Re8+ 33. Kf1 Nc3 34. Rb7+ Kf8 35. Raa7 Ne4 36. Rf7+ Kg8 37. Rxg7+ Kh8 38. Rxh7+ Kg8 39. Rag7+ Kf8 40. Rh8+ Kxg7 41. Rxe8 Nd2+ 42. Ke2 Nc4 43. h4 Nd6 44. Re6 Nf5 45. Re4 Kg6 46. Kf3 Nd6 47. Re6+ Kf5 48. Rxd6 Ke5 49. Rg6 Kf5 50. Rg5+ Kf6 51. Kf4 1-0


[Site "https://www.chess.com"]

[Event "Titled Tuesday Blitz July 4 Early 2023"]
[White "Koridze, Lile"]
[Black "ArtemDyachuk"]
[WhiteFideId "13612514"]
[WhiteElo "2376"]
[BlackElo "2573"]
[Result "0-1"]
[Round "3"]
[TimeControl "180+2"]
[Date "2023.07.04"]
[WhiteClock "0:00:06"]
[BlackClock "0:02:01"]
[Board "135"]

1. d4 Nf6 2. c4 e6 3. Nf3 c5 4. d5 d6 5. Nc3 exd5 6. cxd5 g6 7. e4 Bg7 8. Bd3 O-O 9. O-O Bg4 10. h3 Bxf3 11. Qxf3 Nbd7 12. Bf4 Ne8 13. Rab1 Ne5 14. Qe2 Nxd3 15. Qxd3 a6 16. a4 Rb8 17. b3 b5 18. axb5 Qa5 19. Bd2 axb5 20. b4 cxb4 21. Ne2 Qa3 22. Rb3 Qa2 23. Bxb4 f5 24. exf5 Rxf5 25. Qe3 Nf6 26. Bxd6 Re8 27. Ra3 Qxe2 28. Qxe2 Rxe2 29. Ra8+ Re8 30. Ra7 Rxd5 0-1


[Site "https://www.chess.com"]

[Event "Titled Tuesday Blitz July 4 Early 2023"]
[White "Ahn, Hongjin"]
[Black "Frolyanov, Dmitry"]
[WhiteFideId "13201492"]
[BlackFideId "4151976"]
[WhiteElo "2374"]
[BlackElo "2571"]
[Result "0-1"]
[Round "3"]
[TimeControl "180+2"]
[Date "2023.07.04"]
[WhiteClock "0:00:10"]
[BlackClock "0:00:19"]
[Board "136"]

1. e4 e5 2. Nf3 Nf6 3. Nxe5 d6 4. Nf3 Nxe4 5. Bd3 Nf6 6. O-O Be7 7. c3 O-O 8. Bc2 b6 9. d4 Bb7 10. Nbd2 Nbd7 11. Re1 Re8 12. Nf1 Bf8 13. Ng3 Bxf3 14. gxf3 Rxe1+ 15. Qxe1 d5 16. Kh1 g6 17. Bg5 Bg7 18. Qd2 Nf8 19. Rg1 Qd7 20. Nf5 Nh5 21. Nxg7 Nxg7 22. Qf4 Nfe6 23. Qg4 f5 24. Qh4 Nxg5 25. Qxg5 Re8 26. Bd3 Qe7 27. Qh6 c6 28. h4 Qf6 29. Kh2 Re7 30. Kh3 Ne6 31. h5 Rg7 32. Rg3 Qf7 33. Kh2 Qc7 34. Kh1 Nf4 35. Bf1 Nxh5 36. Rg5 Qf4 37. Rxh5 Qxf3+ 38. Bg2 Qxh5+ 39. Qxh5 gxh5 40. Bh3 Rf7 41. Kg2 Kg7 42. Kf3 Kf6 43. Kf4 Re7 44. Bxf5 Re2 45. f3 Rxb2 46. Bd7 c5 47. Bc6 Ke6 48. Be8 Rxa2 49. Bxh5 Rc2 50. Bg4+ Kd6 51. Bf5 Rxc3 52. dxc5+ bxc5 53. Bxh7 a5 54. Kg4 a4 55. f4 a3 56. f5 Ke7 57. f6+ Kxf6 58. Bf5 Rc4+ 59. Be4 Rxe4+ 60. Kg3 a2 61. Kf2 a1=Q 62. Kf3 Qc3+ 63. Kg2 Qd2+ 64. Kg3 Qd3+ 65. Kf2 Re2+ 66. Kf1 Qd1# 0-1


[Site "https://www.chess.com"]

[Event "Titled Tuesday Blitz July 4 Early 2023"]
[White "Przybylski, Wojciech"]
[Black "Fernandez Siles, Luis"]
[WhiteFideId "1117599"]
[BlackFideId "2209420"]
[WhiteElo "2570"]
[BlackElo "2370"]
[Result "1-0"]
[Round "3"]
[TimeControl "180+2"]
[Date "2023.07.04"]
[WhiteClock "0:01:14"]
[BlackClock "0:00:14"]
[Board "137"]

1. e4 c5 2. Nf3 Nc6 3. Bb5 g6 4. O-O Bg7 5. c3 Nf6 6. Re1 O-O 7. a3 e5 8. h3 d6 9. d3 Ne8 10. Bc4 Be6 11. Bxe6 fxe6 12. Qb3 Qd7 13. Nbd2 b6 14. Nc4 Kh8 15. a4 Nc7 16. Bg5 Rxf3 17. gxf3 Rf8 18. Nd2 h6 19. Bh4 g5 20. Bg3 Qf7 21. Qd1 Ne7 22. a5 b5 23. b4 Ng6 24. bxc5 dxc5 25. d4 exd4 26. cxd4 Bxd4 27. Nb3 Bxa1 28. Qxa1+ Kh7 29. Nxc5 Qxf3 30. Qd1 Qf7 31. Qd6 Nf4 32. Kh2 Rg8 33. Nd7 Nh5 34. Qxc7 Nxg3 35. Nf6+ Kg6 36. Qxf7+ Kxf7 37. Nxg8 1-0


[Site "https://www.chess.com"]

[Event "Titled Tuesday Blitz July 4 Early 2023"]
[White "Adireddy Arjun"]
[Black "HamedWafa4"]
[WhiteFideId "25647709"]
[WhiteElo "2363"]
[BlackElo "2565"]
[Result "0-1"]
[Round "3"]
[TimeControl "180+2"]
[Date "2023.07.04"]
[WhiteClock "0:00:00"]
[BlackClock "0:01:20"]
[Board "138"]

1. e4 e5 2. Nf3 Nc6 3. Bb5 a6 4. Ba4 Nf6 5. O-O Be7 6. Re1 b5 7. Bb3 O-O 8. a4 d5 9. exd5 Na5 10. axb5 Nxb3 11. cxb3 e4 12. Ne5 Qxd5 13. Nc6 Bc5 14. Nc3 Qd3 15. Qe2 Qxe2 16. Rxe2 Bb7 17. Na5 axb5 18. Ra2 Bc8 19. Nxe4 Nxe4 20. Rxe4 Bb6 21. b4 Be6 22. Ra3 c5 0-1


[Site "https://www.chess.com"]

[Event "Titled Tuesday Blitz July 4 Early 2023"]
[White "Mamedov, Edgar"]
[Black "Glavina, Pablo"]
[WhiteFideId "13739980"]
[BlackFideId "100234"]
[WhiteElo "2564"]
[BlackElo "2361"]
[Result "0-1"]
[Round "3"]
[TimeControl "180+2"]
[Date "2023.07.04"]
[WhiteClock "0:00:00"]
[BlackClock "0:00:04"]
[Board "139"]

1. d4 Nf6 2. Nf3 c5 3. c3 d5 4. Bf4 Nc6 5. e3 Qb6 6. Qb3 c4 7. Qc2 Bf5 8. Qc1 e6 9. Nbd2 Qd8 10. a4 Bd6 11. Bxd6 Qxd6 12. b3 cxb3 13. Nxb3 O-O 14. Be2 Rfc8 15. O-O h6 16. Qb2 Ne4 17. Rfc1 b6 18. c4 dxc4 19. Bxc4 Rc7 20. Bb5 Rac8 21. Bxc6 Rxc6 22. Rxc6 Qxc6 23. Rc1 Qb7 24. Nc5 Nxc5 25. dxc5 Qc7 26. c6 Be4 27. Nd4 Qe5 28. Qb5 Qd6 29. f3 Bd5 30. Qa6 Rc7 31. Nb5 Qe5 32. e4 Rxc6 33. Rxc6 Qa1+ 34. Kf2 Qb2+ 35. Kg3 Qe5+ 36. f4 Qxe4 37. Rc8+ Kh7 38. Kf2 Qxg2+ 39. Ke1 Bb7 40. Qxa7 Qg1+ 41. Kd2 Bxc8 42. Qxf7 Qxh2+ 43. Kc3 e5 44. Nd6 Bg4 45. Ne8 Qg3+ 46. Kb4 Qxf4+ 0-1


[Site "https://www.chess.com"]

[Event "Titled Tuesday Blitz July 4 Early 2023"]
[White "Nithyalakshmi, Sivanesan"]
[Black "Siniauski, Artsiom"]
[WhiteFideId "5706955"]
[BlackFideId "13512269"]
[WhiteElo "2358"]
[BlackElo "2561"]
[Result "0-1"]
[Round "3"]
[TimeControl "180+2"]
[Date "2023.07.04"]
[WhiteClock "0:00:02"]
[BlackClock "0:01:21"]
[Board "140"]

1. e4 e6 2. d4 d5 3. Bd3 Nc6 4. c3 e5 5. Nf3 exd4 6. cxd4 Bb4+ 7. Bd2 Nge7 8. e5 Bg4 9. Bxb4 Nxb4 10. Qa4+ Nbc6 11. Nbd2 Qd7 12. h3 Bxf3 13. Nxf3 Nxe5 14. Qxd7+ Nxd7 15. Rc1 c6 16. O-O f6 17. Rfe1 Kf7 18. Rc3 Rhe8 19. Rb3 Rab8 20. Kf1 Nf8 21. Ra3 a6 22. Rc3 Nc8 23. Rec1 Nd6 24. Ng1 Ne6 25. Ne2 h5 26. f3 g5 27. Kf2 Nb5 28. Bxb5 axb5 29. Rd3 Ra8 30. a3 Ra4 31. Rcd1 b4 32. Ng3 Nf4 33. Rb3 h4 34. Nf5 Re2+ 35. Kf1 Rxg2 36. Nd6+ Kg6 37. Nxb7 bxa3 38. bxa3 Rh2 39. Nc5 Rc4 40. Nd3 Rh1+ 41. Kf2 Rc2+ 0-1


[Site "https://www.chess.com"]

[Event "Titled Tuesday Blitz July 4 Early 2023"]
[White "Rudzinska, Michalina"]
[Black "Aggelis, Nikolaos"]
[WhiteFideId "1172883"]
[BlackFideId "4213220"]
[WhiteElo "2351"]
[BlackElo "2560"]
[Result "0-1"]
[Round "3"]
[TimeControl "180+2"]
[Date "2023.07.04"]
[WhiteClock "0:00:13"]
[BlackClock "0:00:28"]
[Board "141"]

1. Nf3 f5 2. b3 Nf6 3. Bb2 d6 4. d4 g6 5. e3 Bg7 6. c4 O-O 7. d5 c6 8. Nc3 e5 9. dxe6 Bxe6 10. Qd2 Qc7 11. O-O-O Na6 12. Qxd6 Qxd6 13. Rxd6 Rfe8 14. Ng5 Bf7 15. Na4 Ne4 16. Nxe4 Bxb2+ 17. Kxb2 Rxe4 18. Bd3 Re7 19. Rd1 Kf8 20. Be2 Be6 21. Bf3 Kf7 22. a3 g5 23. h3 Rh8 24. Rd8 Rxd8 25. Rxd8 Rd7 26. Rxd7+ Bxd7 27. b4 b6 28. Nc3 Nc7 29. Ne2 c5 30. b5 Be6 31. Kc3 Kf6 32. Kd3 Ne8 33. Nc3 Nd6 34. Nd5+ Bxd5 35. Bxd5 h5 36. f3 f4 37. exf4 gxf4 38. Bc6 Kg5 39. a4 Kh4 40. Ke2 Kg3 41. Kf1 Nxc4 42. Be8 h4 43. Kg1 Ne3 44. Bh5 Nxg2 45. Bg4 Ne3 46. Bh5 c4 47. Bg6 c3 48. Bd3 c2 0-1


[Site "https://www.chess.com"]

[Event "Titled Tuesday Blitz July 4 Early 2023"]
[White "Mortazavi, Ali"]
[Black "Kovacsy, Barnabas"]
[WhiteFideId "401323"]
[BlackFideId "769290"]
[WhiteElo "2557"]
[BlackElo "2354"]
[Result "1/2-1/2"]
[Round "3"]
[TimeControl "180+2"]
[Date "2023.07.04"]
[WhiteClock "0:00:36"]
[BlackClock "0:00:11"]
[Board "142"]

1. Nf3 Nf6 2. g3 g6 3. Bg2 Bg7 4. O-O O-O 5. d3 d6 6. e4 c5 7. e5 dxe5 8. Nxe5 Nd5 9. Re1 Nc6 10. Nxc6 bxc6 11. Na3 Rb8 12. Nc4 Bb7 13. c3 Re8 14. Qa4 Nb6 15. Qc2 Nxc4 16. dxc4 Qa5 17. Bg5 f6 18. Be3 Rbd8 19. a3 e5 20. b4 cxb4 21. axb4 Qc7 22. Rxa7 f5 23. Rea1 Rd7 24. b5 Qd6 25. c5 Qf6 26. Rxb7 Rxb7 27. Bxc6 Rbe7 28. Bxe8 Rxe8 29. c6 f4 30. Bc5 e4 31. Bd4 Qf5 32. gxf4 Qg4+ 33. Kf1 Qh3+ 34. Ke1 Qxh2 35. Qb3+ Kh8 36. Bxg7+ Kxg7 37. Ra7+ Kh6 38. Rxh7+ Kxh7 39. Qf7+ Kh6 40. Qxe8 Qg1+ 41. Ke2 Qg4+ 42. Kf1 Qd1+ 43. Kg2 Qg4+ 44. Kh2 Qh4+ 45. Kg1 Qg4+ 46. Kh2 Qh4+ 47. Kg2 Qg4+ 48. Kf1 Qd1+ 49. Kg2 Qg4+ 1/2-1/2


[Site "https://www.chess.com"]

[Event "Titled Tuesday Blitz July 4 Early 2023"]
[White "Golubev, Mikhail"]
[Black "Todorovic, Bojan"]
[WhiteFideId "14100983"]
[BlackFideId "917087"]
[WhiteElo "2556"]
[BlackElo "2350"]
[Result "1/2-1/2"]
[Round "3"]
[TimeControl "180+2"]
[Date "2023.07.04"]
[WhiteClock "0:00:06"]
[BlackClock "0:00:12"]
[Board "143"]

1. e4 g6 2. d4 Bg7 3. Nc3 d6 4. Be3 a6 5. Qd2 Nd7 6. Nf3 b5 7. O-O-O Bb7 8. Bd3 Ngf6 9. Bh6 Bxh6 10. Qxh6 b4 11. Nd5 Nxd5 12. exd5 Bxd5 13. Rhe1 e6 14. Ng5 Qf6 15. Nxh7 O-O-O 16. Nxf6 Rxh6 17. Nxd5 exd5 18. Bxa6+ Kb8 19. h3 g5 20. Re7 f5 21. Bb5 Nf6 22. Re6 Rdh8 23. f3 Nh5 24. Rxh6 Rxh6 25. Bc6 Nf4 26. g3 Ne2+ 27. Kd2 Nxg3 28. Bxd5 Rxh3 29. Kd3 Nh5 30. Kc4 Nf4 31. Bc6 d5+ 32. Kb5 Ne6 33. Bxd5 Nd8 34. Rd3 c6+ 35. Bxc6 Nxc6 36. Kxc6 g4 37. Re3 Rh6+ 38. Kc5 g3 39. Re1 Rh2 40. Kxb4 Rxc2 41. f4 Rxb2+ 42. Kc5 Rxa2 43. Rg1 Ra3 44. Kd5 Kc7 45. Ke5 Kc6 46. Kxf5 Kd5 47. Kg4 Kxd4 48. Rxg3 Ra8 49. f5 Ke5 50. Re3+ Kf6 51. Re6+ Kf7 52. Rb6 Ra1 53. Kg5 Rg1+ 54. Kf4 Rf1+ 55. Kg5 Rg1+ 56. Kf4 Rf1+ 57. Ke5 Re1+ 58. Kf4 Rf1+ 1/2-1/2


[Site "https://www.chess.com"]

[Event "Titled Tuesday Blitz July 4 Early 2023"]
[White "Sowa, Ryan"]
[Black "MAHanif"]
[WhiteFideId "30901693"]
[WhiteElo "2556"]
[BlackElo "2347"]
[Result "0-1"]
[Round "3"]
[TimeControl "180+2"]
[Date "2023.07.04"]
[WhiteClock "0:00:14"]
[BlackClock "0:00:35"]
[Board "144"]

1. Nf3 d5 2. b3 Nf6 3. Bb2 e6 4. g3 Be7 5. Bg2 O-O 6. O-O b6 7. c4 Bb7 8. d4 Nbd7 9. Ne5 c6 10. Nd2 Rc8 11. e4 c5 12. exd5 exd5 13. Rc1 cxd4 14. Bxd4 Nc5 15. b4 Ne6 16. Bc3 Ba8 17. a3 Bd6 18. Re1 Re8 19. Ng4 d4 20. Bb2 Bxg2 21. Kxg2 Be7 22. Nb3 Nxg4 23. Qxg4 Bf6 24. Red1 Rxc4 25. Rb1 Qd5+ 26. Kg1 h5 27. Qe2 Rec8 28. Rd2 Ng5 29. Rd3 Nh3+ 30. Kf1 Qh1# 0-1


[Site "https://www.chess.com"]

[Event "Titled Tuesday Blitz July 4 Early 2023"]
[White "Prieto Aranguren, Alain"]
[Black "Thecourseoisildur"]
[WhiteFideId "2268906"]
[WhiteElo "2325"]
[BlackElo "2555"]
[Result "1-0"]
[Round "3"]
[TimeControl "180+2"]
[Date "2023.07.04"]
[WhiteClock "0:01:33"]
[BlackClock "0:01:54"]
[Board "145"]

1. d4 Nf6 2. c4 g6 3. Nc3 d5 4. Nf3 Bg7 5. Qb3 dxc4 6. Qxc4 a6 7. e4 b5 8. Qb3 Bb7 9. d5 c6 10. dxc6 Nxc6 11. Bg5 Qa5 12. Bd2 b4 13. Nd5 Nxe4 14. Bxb4 Nxb4 15. Nxb4 Nc5 16. Qc4 Bxf3 17. gxf3 Rb8 18. a3 Bxb2 19. Ra2 Rxb4 20. axb4 Bc3+ 21. Qxc3 Qxa2 22. Qxh8+ Kd7 23. Qd4+ Ke6 24. Bc4+ 1-0


[Site "https://www.chess.com"]

[Event "Titled Tuesday Blitz July 4 Early 2023"]
[White "Juknis, Paulius"]
[Black "Estrada Nieto, Julian"]
[WhiteFideId "12802247"]
[BlackFideId "5101018"]
[WhiteElo "2322"]
[BlackElo "2554"]
[Result "0-1"]
[Round "3"]
[TimeControl "180+2"]
[Date "2023.07.04"]
[WhiteClock "0:00:29"]
[BlackClock "0:00:16"]
[Board "146"]

1. e4 e5 2. Bc4 Nf6 3. d4 exd4 4. Nf3 Nc6 5. e5 d5 6. Bb5 Ne4 7. Nxd4 Bd7 8. Bxc6 bxc6 9. O-O Bc5 10. f3 Ng5 11. f4 Ne6 12. Be3 f5 13. c3 O-O 14. Nd2 Bb6 15. a4 c5 16. Nxe6 Bxe6 17. a5 d4 18. Bf2 Qd5 19. axb6 axb6 20. Qf3 Rxa1 21. Rxa1 Qd7 22. cxd4 cxd4 23. Ra8 Bd5 24. Rxf8+ Kxf8 25. Qa3+ c5 26. Bxd4 Bc6 27. Bxc5+ bxc5 28. Qxc5+ Kf7 29. Qd6 Qa7+ 30. Kf1 Bb5+ 31. Ke1 Qg1+ 32. Nf1 Qxf1+ 33. Kd2 Qxg2+ 34. Kc3 Qc6+ 35. Kd4 Qxd6+ 36. exd6 Ke6 37. Kc5 Ba4 38. b4 h6 39. h4 g6 40. b5 Bxb5 41. Kxb5 Kxd6 42. Kc4 Ke6 43. Kc5 Kf6 44. Kd4 g5 45. hxg5+ hxg5 46. fxg5+ Kxg5 47. Ke3 Kg4 0-1


[Site "https://www.chess.com"]

[Event "Titled Tuesday Blitz July 4 Early 2023"]
[White "Vasques, Antonio Pedro Freixial"]
[Black "Parpiev, Isaak"]
[WhiteFideId "1908332"]
[BlackFideId "34281576"]
[WhiteElo "2309"]
[BlackElo "2553"]
[Result "1/2-1/2"]
[Round "3"]
[TimeControl "180+2"]
[Date "2023.07.04"]
[WhiteClock "0:00:11"]
[BlackClock "0:00:13"]
[Board "147"]

1. e4 d5 2. exd5 Qxd5 3. Nc3 Qe5+ 4. Be2 Bg4 5. d4 Bxe2 6. Ngxe2 Qa5 7. O-O Nf6 8. b4 Qxb4 9. Rb1 Qd6 10. Rxb7 Qc6 11. Rb3 e6 12. Nf4 Bd6 13. d5 Qc4 14. Qf3 e5 15. Nd3 O-O 16. Re1 Nbd7 17. Bg5 Rfe8 18. Nb2 Qa6 19. Bxf6 Nxf6 20. Nb5 e4 21. Qe2 Qxa2 22. Nxd6 cxd6 23. Nc4 Rad8 24. Ra3 Qxa3 25. Nxa3 Nxd5 26. Nb5 a6 27. Nd4 g6 28. Qxa6 Kg7 29. g3 Nf6 30. c4 Rc8 31. Nb5 Rcd8 32. Nxd6 Re6 33. c5 h5 34. Rd1 e3 35. fxe3 Rd7 36. Qc8 Rde7 37. c6 Rxe3 38. c7 Rc3 39. Nb5 Rc2 40. Qd8 Ree2 41. Qd4 Rg2+ 42. Kf1 Rxh2 43. Kg1 Rcg2+ 44. Kf1 Rc2 45. Rd2 Rc1+ 46. Rd1 Rcc2 1/2-1/2


[Site "https://www.chess.com"]

[Event "Titled Tuesday Blitz July 4 Early 2023"]
[White "Rodriguez Santiago, Jaime"]
[Black "gueraumasague"]
[WhiteFideId "3100898"]
[WhiteElo "2307"]
[BlackElo "2547"]
[Result "1-0"]
[Round "3"]
[TimeControl "180+2"]
[Date "2023.07.04"]
[WhiteClock "0:00:05"]
[BlackClock "0:00:03"]
[Board "148"]

1. c4 g5 2. Nc3 Bg7 3. g3 d6 4. Bg2 Nc6 5. e4 h5 6. h3 g4 7. h4 Nd4 8. d3 c5 9. Nge2 Nf6 10. Nxd4 cxd4 11. Ne2 Nd7 12. O-O e6 13. Rb1 Rb8 14. a4 a5 15. b4 axb4 16. Rxb4 Nc5 17. Bb2 Qa5 18. Rb5 Qxa4 19. Bxd4 Qxd1 20. Rxd1 Bxd4 21. Nxd4 Bd7 22. Rb6 Ke7 23. Ne2 Na4 24. Rb4 e5 25. Rdb1 Nc5 26. d4 exd4 27. Nxd4 Ra8 28. Nf5+ Ke6 29. Rd1 Ra6 30. Rb2 Bc6 31. Rxd6+ Ke5 32. Rd1 Bxe4 33. Bxe4 Nxe4 34. Ne3 Rd6 35. Rb5+ Ke6 36. Rbd5 Rxd5 37. cxd5+ Kd6 38. Nf5+ Ke5 39. Ne3 Rd8 40. Nc4+ Kf6 41. d6 Ke6 42. Rd4 Nxd6 43. Ne3 b5 44. Rb4 Rc8 45. Kg2 Rc1 46. Nf1 Rc5 47. Nd2 Rd5 48. Nb3 Rd3 49. Nc5+ Kd5 50. Nd7 Rd4 51. Rb1 Kc6 52. Nf6 Rc4 53. Nxh5 b4 54. Nf4 Kb5 55. h5 Rc8 56. h6 Nf5 57. h7 Ka4 58. Nd5 b3 59. Nb6+ Ka3 60. Nxc8 Ka2 61. h8=Q Kxb1 62. Qc3 b2 63. Nb6 Ka1 64. Na4 1-0


[Site "https://www.chess.com"]

[Event "Titled Tuesday Blitz July 4 Early 2023"]
[White "Degenbaev, Aziz"]
[Black "Legenia, Artem"]
[WhiteFideId "13802640"]
[BlackFideId "14136945"]
[WhiteElo "2545"]
[BlackElo "2305"]
[Result "1-0"]
[Round "3"]
[TimeControl "180+2"]
[Date "2023.07.04"]
[WhiteClock "0:01:30"]
[BlackClock "0:01:47"]
[Board "149"]

1. d4 c5 2. d5 f5 3. Nc3 g6 4. e4 d6 5. Bb5+ Bd7 6. exf5 Nf6 7. fxg6 hxg6 8. Bd3 Kf7 9. Nf3 Na6 10. Bf4 Nb4 11. Ng5+ Kg7 12. Bc4 b5 13. Bxb5 Rh4 14. g3 Rxf4 15. gxf4 Bf5 16. Ne6+ Bxe6 17. dxe6 Qa5 18. Qd2 Rb8 19. Be2 Nc6 20. O-O Nd4 21. Kh1 Kh7 22. Qd3 Bh6 23. Rg1 Nf5 24. Rxg6 Kxg6 25. Rg1+ Kh7 26. Qxf5+ Kh8 27. Qg6 Bf8 28. Ne4 Nxe4 29. Qg8# 1-0


[Site "https://www.chess.com"]

[Event "Titled Tuesday Blitz July 4 Early 2023"]
[White "Osinovsky, Stepan"]
[Black "Hajiyev, Kanan"]
[WhiteFideId "4157354"]
[BlackFideId "13404148"]
[WhiteElo "2300"]
[BlackElo "2544"]
[Result "0-1"]
[Round "3"]
[TimeControl "180+2"]
[Date "2023.07.04"]
[WhiteClock "0:00:00"]
[BlackClock "0:01:05"]
[Board "150"]

1. Nf3 Nf6 2. g3 g6 3. Bg2 Bg7 4. O-O O-O 5. d3 c5 6. e4 Nc6 7. Nbd2 d5 8. exd5 Nxd5 9. Re1 b6 10. a4 Bb7 11. Nc4 e6 12. h4 h6 13. a5 Nxa5 14. Nxa5 bxa5 15. Ne5 Qc7 16. Nc4 a4 17. Rxa4 Nb6 18. Bxb7 Nxa4 19. Bxa8 Rxa8 20. Qf3 Rd8 21. Bf4 Qe7 22. h5 g5 23. Be5 f6 24. Qc6 Qd7 25. Qxd7 Rxd7 26. Bd6 Nxb2 27. Nxb2 Rxd6 28. Nc4 Ra6 29. Rb1 Ra2 30. Rb8+ Kh7 0-1


[Site "https://www.chess.com"]

[Event "Titled Tuesday Blitz July 4 Early 2023"]
[White "Suarez Uriel, Adrian"]
[Black "Slovineanu, Viacheslav"]
[WhiteFideId "22230874"]
[BlackFideId "13900510"]
[WhiteElo "2540"]
[BlackElo "2283"]
[Result "0-1"]
[Round "3"]
[TimeControl "180+2"]
[Date "2023.07.04"]
[WhiteClock "0:01:29"]
[BlackClock "0:01:22"]
[Board "151"]

1. e4 c6 2. d4 d5 3. f3 dxe4 4. fxe4 e5 5. Nf3 Be6 6. Nc3 Nd7 7. Be3 Ngf6 8. d5 Bg4 9. Be2 Bb4 10. Qd3 cxd5 11. Bg5 dxe4 12. Bxf6 Bxc3+ 13. Qxc3 Qxf6 14. Nd2 Bxe2 15. Kxe2 O-O 16. Nxe4 Qg6 17. Ng3 Rac8 18. Qd3 Rxc2+ 19. Ke3 0-1


[Site "https://www.chess.com"]

[Event "Titled Tuesday Blitz July 4 Early 2023"]
[White "rionelG"]
[Black "Ljukin, Sergei"]
[BlackFideId "14102200"]
[WhiteElo "2277"]
[BlackElo "2540"]
[Result "0-1"]
[Round "3"]
[TimeControl "180+2"]
[Date "2023.07.04"]
[WhiteClock "0:00:00"]
[BlackClock "0:00:01"]
[Board "152"]

1. e4 e6 2. d3 d5 3. Nd2 Nf6 4. g3 Be7 5. Bg2 O-O 6. Ngf3 c5 7. O-O Nc6 8. Re1 Qc7 9. e5 Nd7 10. Qe2 b5 11. c3 b4 12. c4 a5 13. h4 dxc4 14. dxc4 a4 15. Nf1 Ba6 16. Bf4 Rad8 17. h5 Nd4 18. Nxd4 cxd4 19. Qg4 Kh8 20. Nd2 Nc5 21. h6 g6 22. Bg5 Rfe8 23. b3 Bxg5 24. Qxg5 Qe7 25. Qg4 f5 26. exf6 Qxf6 27. Ne4 Nxe4 28. Rxe4 d3 29. Rd1 Bb7 30. Qf4 Qxf4 31. Rxf4 Bxg2 32. Kxg2 e5 33. Re4 a3 34. Kf3 Kg8 35. Ke3 Kf7 36. c5 Rd5 37. Rxd3 Rxc5 38. Rxb4 Rc2 39. Rd2 Rec8 40. Rb7+ R8c7 41. Rxc7+ Rxc7 42. Rd5 Rc2 43. Rxe5 Rxa2 44. Ra5 Ra1 45. Kf4 a2 46. f3 Kf6 0-1


[Site "https://www.chess.com"]